 Dungeon Crawl Stone Soup version 0.26-a0-547-g695e311587 (webtiles) character file.

Game seed: 13778125581242406143

76 ANON1729 the Vexing (level 4, 0/25 HPs)
             Began as a Deep Elf Arcane Marksman on Aug 20, 2020.
             Killed from afar by an orc wizard (5 damage)
             ... with a magic dart
             ... on level 3 of the Dungeon.
             The game lasted 00:06:30 (2717 turns).

ANON1729 the Vexing (Deep Elf Arcane Marksman)      Turns: 2717, Time: 00:06:31

Health: 0/25       AC: 11    Str:  8    XL:     4   Next: 12%
Magic:  6/9        EV: 13    Int: 18    God:
Gold:   210        SH:  0    Dex: 15    Spells: 7/8 levels left

rFire    . . .     SeeInvis .   d - +0 short sword (protect)
rCold    . . .     Faith    .   (no shield)
rNeg     . . .     Spirit   .   e - +0 robe
rPois    .         Reflect  .   i - +1 helmet
rElec    .         Harm     .   (no cloak)
rCorr    .         Rnd*Tele +   (no gloves)
MR       .....                  (no boots)
Stlth    ..........             (no amulet)
HPRegen  0.08/turn              q - ring of attention (curse)
MPRegen  0.11/turn              l - ring of teleportation (curse)

@: protection aura
A: no striking features
a: no special abilities


You were on level 3 of the Dungeon.
You visited 1 branch of the dungeon, and saw 4 of its levels.

You collected 210 gold pieces.

Inventory:

Hand Weapons
 a - a +0 shortbow
 d - a +0 short sword of protection (weapon)
 f - a +0 short sword
Armour
 e - a +0 robe (worn)
 i - a +1 helmet (worn)
Jewellery
 g - a +4 ring of slaying
 l - a cursed ring of teleportation (right hand)
 o - a +6 ring of dexterity
 q - a cursed ring of attention (left hand)
Scrolls
 c - a scroll of enchant armour
 h - 2 scrolls of identify
 j - a scroll of amnesia
 r - a scroll of magic mapping
Potions
 b - a potion of heal wounds
 k - a potion of magic
 m - a potion of brilliance {unknown}
 n - 4 potions of curing {unknown}
 p - 2 potions of degeneration {unknown}


   Skills:
 + Level 1.4 Fighting
 * Level 3.6 Bows
 + Level 3.0 Dodging
 + Level 2.5 Spellcasting
 * Level 4.9 Hexes


You had 7 spell levels left.
You knew the following spells:

 Your Spells              Type           Power        Failure   Level
a - Corona                Hex            ###....      2%          1

Your spell library contained the following spells:

 Spells                   Type           Power        Failure   Level
 Slow                     Hex            ###.....     3%          2
 Inner Flame              Hex/Fire       ##......     19%         3
 Portal Projectile        Hex/Tloc       ##....       19%         3
 Cause Fear               Hex            ###.......   22%         4
 Leda's Liquefaction      Hex/Erth       ##........   52%         4


Dungeon Overview and Level Annotations

Branches:
Dungeon (4/15)
 Temple: D:4-7

Altars:
Dithmenos


Message History

The orc wizard hits you but does no damage.
Casting: Corona (safe; 2% risk of failure)
Confirm with . or Enter, or press ? or * to list all spells.
Aiming: Corona (safe; 2% risk of failure)
Press: ? - help, Shift-Dir - straight line, f/p - orc wizard
Aim: an orc wizard, wielding a +0 dagger and wearing a +0 robe (fast, chance to defeat MR: 57%)
The orc wizard is outlined in light.
The orc wizard barely misses you.
The orc wizard hits you but does no damage.
You barely miss the orc wizard. The orc wizard barely misses you.
You hit the orc wizard.
Your weapon exudes an aura of protection.
The orc wizard is moderately wounded.
The orc wizard hits you with a +0 dagger.
* * * LOW HITPOINT WARNING * * *
The orc wizard misses you.
You hit the orc wizard but do no damage.
The orc wizard is moderately wounded.
The orc wizard points at you and mumbles some strange words.
The magic dart hits you.
You die...

###.###....o..........
#.......#...#.#.####..
###.###..†..#.#...##..
#.# #.##........Kor.
#.###.##.##.....####
#.....###########
######.###.#########
#......###.#....(..######
###.....@oK#....÷..>.....
#....###oo.............
#....# #...............
#....# #...............
#....# #...............
#†##.# #...............
#....# ##..............
#.#### #........######
#....# #(######.#


You could see an orc wizard (fast, corona), 2 orcs and a kobold.

Vanquished Creatures
  An adder (D:3)
  2 worms (D:2)
  2 dart slugs (D:1)
  3 leopard geckos
  3 orcs
  2 bats
  2 giant cockroaches (D:1)
  2 goblins (D:1)
  6 hobgoblins
  8 jackals
  7 kobolds
  A quokka (D:3)
  A ball python (D:1)
  5 frilled lizards
  2 rats (D:1)
47 creatures vanquished.

Notes
Turn   | Place    | Note
-------+----------+-------------------------------------------
     0 | D:1      | ANON1729 the Deep Elf Arcane Marksman began the quest for
                  | the Orb.
     0 | D:1      | Reached XP level 1. HP: 11/11 MP: 5/5
    36 | D:1      | Reached skill level 1 in Fighting
    37 | D:1      | Reached XP level 2. HP: 13/16 MP: 6/6
   149 | D:1      | You fall into a shaft and drop 1 floor!
   842 | D:2      | Reached XP level 3. HP: 20/20 MP: 8/8
  1188 | D:2      | Found a shadowy altar of Dithmenos.
  2412 | D:3      | Reached XP level 4. HP: 25/25 MP: 9/9
  2717 | D:3      | Killed from afar by an orc wizard

Illustrated notes

Levels and vault maps discovered:
D:1:      wander_arrival_lonely_grave, layout_basic, minmay_hexomino_c4
D:2:      layout_rooms, serial_co_window_serial, co_window_of_opportunity_a,
          co_window_paths_b, co_window_paths_a, co_window_paths_b,
          co_window_paths_a, co_window_paths_a, co_window_paths_a,
          co_window_corner_ca, co_window_corner_b, co_window_broadway_a,
          glass_columns_b, glass_columns_a, glass_columns_a, glass_columns_b,
          nicolae_dithmenos_through_a_glass_darkly
D:3:      wad_crossroads, layout_basic
D:4:      layout_gridville, uniq_blork_the_orc

Skill      XL: |  1  2  3 |
---------------+----------+-----
Fighting       | 1 |  1.4
Bows           | 3 |  3.6
Spellcasting   | 2 |  2.5
Dodging        | 3 |  3.0
Hexes          | |  4.9

Action                   |  1- 3 |  4- 6 || total
-------------------------+-------+-------++-------
Melee: Short sword       |       |    22 ||    22
 Fire: Shortbow          |   131 |    11 ||   142
 Cast: Corona            |       |     4 ||     4
  Use: Scroll            |     3 |     1 ||     4
       Potion            |       |     1 ||     1
Armor: Robe              |    13 |     9 ||    22
Dodge: Dodged            |    44 |    33 ||    77

Table legend: (Time is in decaauts)
 A = Elapsed time spent in this place.
 B = Non-inter-level travel time spent in this place.
 C = Inter-level travel time spent in this place.
 D = Time resting spent in this place.
 E = Time spent auto-exploring this place.
 F = Levels seen in this place.
 G = Mean time per level.
                   A        B        C        D        E       F      G
               +--------+--------+--------+--------+--------+-----+--------+
         Total |   2737 |   2520 |    217 |    495 |   1494 |   4 |  684.2 |
       Dungeon |   2737 |   2520 |    217 |    495 |   1494 |   4 |  684.2 |
               +--------+--------+--------+--------+--------+-----+--------+

Top non-repeatable levels by time:
     D:2: 1182 daAuts
     D:1: 1023 daAuts
     D:3: 400 daAuts
     D:4: 130 daAuts
